 Dungeon Crawl Stone Soup version 0.24.0-123-gd5b16e6ec5 (webtiles) character file.

Game seed: 2848053599420579604, levelgen mode: deterministic

140877 FishyPogo the Tortoise (level 16, -2/143 HPs)
             Began as a Demonspawn Gladiator on Jan 16, 2020.
             Was a Plaything of Xom.
             Slain by a Brimstone Fiend (16 damage)
             ... in an ice cave on Jan 18, 2020.
             The game lasted 02:15:47 (23445 turns).

FishyPogo the Tortoise (Demonspawn Gladiator)      Turns: 23445, Time: 02:15:48

Health: -2/143     AC: 27    Str: 21    XL:     16   Next: 76%
Magic:  25/25      EV: 14    Int:  7    God:    Xom [.*....]
Gold:   1921       SH:  0    Dex: 21    Spells: 19/23 levels left

rFire    + + +     SeeInvis .   a - +10 falchion of Guile {pain, rPois rF+++ Int-4 Stlth-}
rCold    + + +     Gourm    .   N - +10 large shield of Ignorance {rN+ Int-4}
rNeg     + + +     Faith    .   X - +5 plate armour {rF+}
rPois    +         Spirit   .   g - +0 hat of Iciytat {+Fly} (curse)
rElec    .         Reflect  +   j - scarf {cloud immunity}
rCorr    +         Harm     .   (no gloves)
MR       +....                  (boots unavailable)
Stlth    ..........             n - amulet of Leaves {Reflect rN++ SH+5}
HPRegen  0.33/turn              H - ring of protection from cold
MPRegen  0.19/turn              D - ring "Zyuho" {rC+ rCorr}

@: confused, agile
A: beak, horns 1, talons 3, molten scales 3, agile 1, clever 2, cold resistance
1, high mp 1, mutation resistance 1, powered by death 2, powered by pain 2,
robust 1, shaggy fur 1, wild magic 2, augmentation 1
a: Renounce Religion, Evoke Flight


You were in an ice cave.
You worshipped Xom.
You were a plaything of Xom.
You were near starving.

You visited 4 branches of the dungeon, and saw 24 of its levels.
You visited the Abyss 1 time.
You also visited: Sewer, Gauntlet and Ice Cave.

You collected 2421 gold pieces.
You spent 500 gold pieces at shops.

Inventory:

Hand Weapons
 a - the +10 falchion of Guile (weapon) {pain, rPois rF+++ Int-4 Stlth-}
   (You took it off an orc warrior on level 7 of the Dungeon)

   In the hands of one skilled in necromantic magic, it inflicts extra damage on
   living creatures.
   It affects your intelligence (-4).
   It renders you almost immune to fire.
   It protects you from poison.
   It makes you less stealthy.
 b - the +9 staff of Olgreb {rPois}
   (You took it off a centaur on level 7 of the Dungeon)

   It protects you from poison.
Missiles
 d - 3 throwing nets
 o - 19 boomerangs
 J - 31 javelins (quivered)
 K - 5 curare-tipped darts
Armour
 g - the cursed +0 hat of Iciytat (worn) {+Fly}
   (You found it in a Gauntlet)

   It lets you fly.
   It has a curse placed upon it.
 j - a scarf of cloud immunity (worn)
 v - the +0 ring mail of the Wilderness {rF+ rC+}
   (You found it on level 12 of the Dungeon)

   It protects you from fire.
   It protects you from cold.
 F - the +1 scale mail of Beogh's Hatred {rCorr}
   (You found it on level 7 of the Dungeon)

   It provides partial protection from all sources of acid and corrosion.
 N - the +10 large shield of Ignorance (worn) {rN+ Int-4}
   (You found it on level 2 of the Orcish Mines)

   It affects your intelligence (-4).
   It protects you from negative energy.
 P - a +2 cloak of poison resistance
 X - a +5 plate armour of fire resistance (worn)
Jewellery
 h - the ring "Parchicly" {+Fly rPois MR- Int+4}
   (You acquired it on level 6 of the Lair of Beasts)

   [ring of intelligence]

   It affects your intelligence (+4).
   It protects you from poison.
   It affects your resistance to hostile enchantments.
   It lets you fly.
 i - a +4 ring of protection
 n - the amulet of Leaves (around neck) {Reflect rN++ SH+5}
   (You found it on level 14 of the Dungeon)

   [amulet of reflection]

   It shields you and reflects attacks.
   It greatly protects you from negative energy.
   It affects your SH (+5).
 w - a +3 amulet of reflection
 D - the ring "Zyuho" (right hand) {rC+ rCorr}
   (You bought it in a shop on level 7 of the Dungeon)

   [ring of resist corrosion]

   It protects you from cold.
   It provides partial protection from all sources of acid and corrosion.
 E - a +4 ring of strength
 H - a ring of protection from cold (left hand)
 O - an uncursed amulet of the acrobat
Wands
 c - a wand of paralysis (28)
 e - a wand of disintegration (8)
 p - a wand of enslavement (10)
 t - a wand of scattershot (7)
 B - a wand of clouds (11)
 G - a wand of flame (101)
 M - a wand of iceblast (12)
Scrolls
 k - 11 scrolls of remove curse
 l - a scroll of summoning {unknown}
 m - 3 scrolls of teleportation
 q - a scroll of magic mapping
 s - 16 scrolls of identify
 C - 2 scrolls of enchant armour
 I - 3 scrolls of blinking
 Q - a scroll of enchant weapon
 R - 3 scrolls of immolation
 V - 2 scrolls of fear
Potions
 r - 3 potions of mutation
 u - 2 potions of lignification
 x - 7 potions of brilliance
 z - a potion of might
 A - 6 potions of curing
 L - 2 potions of cancellation
 S - 4 potions of magic
 T - 2 potions of haste
 U - a potion of agility
 W - 2 potions of invisibility
Miscellaneous
 y - a lamp of fire
Comestibles
 f - 54 rations


   Skills:
 - Level 13.0 Fighting
   Level 6.2(8.2) Short Blades
 - Level 8.3(9.2) Long Blades
 - Level 2.0 Throwing
 + Level 15.4 Armour
 - Level 7.0 Dodging
 - Level 5.1 Stealth
 + Level 12.4 Shields
 - Level 4.4 Spellcasting
 - Level 3.4 Charms
 - Level 3.3 Translocations
 - Level 9.0 Evocations


You had 19 spell levels left.
You knew the following spells:

 Your Spells              Type           Power        Failure   Level  Hunger
p - Shroud of Golubria    Chrm/Tloc      ##....       100%        2    ###....
u - Song of Slaying       Chrm           ##......     100%        2    ###....

Your spell library contained the following spells:

 Spells                   Type           Power        Failure   Level  Hunger
 Apportation              Tloc           ##....       99%         1    #......
 Infusion                 Chrm           ##..         99%         1    #......
 Corona                   Hex            #......      100%        1    #......
 Sting                    Conj/Pois      #...         100%        1    #......
 Summon Butterflies       Summ           #.......     100%        1    #......
 Poisonous Vapours        Pois/Air       #.....       100%        2    ###....
 Slow                     Hex            #.......     100%        2    ###....
 Conjure Flame            Conj/Fire      #.......     100%        3    ###....
 Inner Flame              Hex/Fire       #.......     100%        3    ###....
 Lesser Beckoning         Tloc           ##........   100%        3    ###....
 Mephitic Cloud           Conj/Pois/Air  #.......     100%        3    ###....
 Portal Projectile        Hex/Tloc       #.....       100%        3    ###....
 Regeneration             Chrm/Necr      #.........   100%        3    ###....
 Spectral Weapon          Hex/Chrm       #.......     100%        3    ###....
 Tukima's Dance           Hex            #.......     100%        3    ###....
 Cause Fear               Hex            #.........   100%        4    #####..
 Leda's Liquefaction      Hex/Erth       #.........   100%        4    #####..
 Olgreb's Toxic Radiance  Pois           #.......     100%        4    #####..
 Alistair's Intoxication  Tmut/Pois      #.......     100%        5    ######.
 Venom Bolt               Conj/Pois      #.........   100%        5    ######.
 Freezing Cloud           Conj/Ice/Air   #.........   100%        6    #######
 Invisibility             Hex            #.......     100%        6    #######
 Ring of Flames           Chrm/Fire      #.........   100%        7    #######


Dungeon Overview and Level Annotations

Branches:
Dungeon (15/15)            Temple (0/1) D:5            Lair (6/6) D:8
 Shoals (0/4) Lair:2       Spider (1/4) Lair:3        Slime (0/5) Lair:5
    Orc (2/2) D:11            Elf (0/3) Orc:2        Vaults (0/5) D:13
 Depths (0/5) D:15          Sewer (visited)           IceCv (1/1)
Gauntlet (visited)

Altars:
Elyvilon
Kikubaaqudgha
Makhleb
Nemelex Xobeh
Okawaru
Sif Muna
Trog
Uskayaw
Xom
Yredelemnul
Beogh
Jiyva

Shops:
D:5 *::   D:7 ([=(   Orc:2 !!*[([

Portals:
Trove: D:13 (give +7 demon trident)

Annotations:
D:5 3 runed translucent doors, 2 transporters, puimuR's ghost, amateur HOMo
D:10 1 runed translucent door, nodrog's ghost, journeyman DDNe
D:13 exclusion: 3 oklob plants
D:14 Louise
Orc:2 1 runed translucent door, exclusions: 4 orange crystal statues and upstairs


Innate Abilities, Weirdness & Mutations

You have claws for feet.
You are completely covered in molten scales. (AC +4, rF+)
You regenerate health from kills.
You sometimes gain power by taking damage.
Your magical and physical power is slightly enhanced at high health.
You have a beak for a mouth.
You have a pair of small horns on your head.
You are agile. (Dex +2)
Your mind is very acute. (Int +4)
Your flesh is cold resistant. (rC+)
You have an increased reservoir of magic. (+10% MP)
You are somewhat resistant to further mutation.
You are robust. (+10% HP)
You are covered in fur. (AC +1)
Your spells are harder to cast, but more powerful.


Message History

The Brimstone Fiend is heavily wounded.
The Brimstone Fiend calls on the powers of darkness!
Your body is wracked with pain!
* * * LOW HITPOINT WARNING * * *
Unknown command.
You hit the Brimstone Fiend. You claw the Brimstone Fiend!
The Brimstone Fiend is heavily wounded.
The Brimstone Fiend gestures at you.
The sphere of damnation explodes!
The damnation engulfs you!!
* * * LOW HITPOINT WARNING * * *
You focus on the pain.
You feel agile all of a sudden.
The damnation engulfs the Brimstone Fiend.
The Brimstone Fiend completely resists.
You are confused.
You feel invigorated.
The Brimstone Fiend roars!
The Brimstone Fiend hits you!
You die...
Xom titters!

##≈≈≈≈≈≈≈≈≈≈≈≈
##≈≈≈≈≈≈≈≈≈ ≈ *
* #.#≈≈≈≈≈≈≈≈*≈≈
* ##.##≈≈≈≈≈# **
* #.##≈≈≈≈≈≈###
** , #.##
≈#≈≈##.## *,
#..#≈##≈#..§(# *
,
#..###.≈#1##..#*
*, #...#)###@#
#..# #...#.(##.#
*...§,
##...###§##
**..§§§,
##..###§# §§1§§*
##.##§## *§§§§
#..##§# §§°§
##.##§##
##..##§## **
#..####°## *


You could see a Brimstone Fiend.

Vanquished Creatures
  A hellephant (Abyss:4)
  A quicksilver dragon (D:13)
  A sphinx (D:10)
  A tentacled starspawn (Abyss:4)
  An orc warlord (Orc:2)
  3 emperor scorpions (Spider:1)
  A deep elf elementalist (Abyss:4)
  Azrael (D:14)
  A minotaur (Gauntlet)
  3 dire elephants
  2 ettins (Orc:2)
  4 vault guards (D:13)
  Josephine (D:15)
  2 ogre magi
  A rakshasa (Abyss:4)
  5 hydras
  2 catoblepae
  A ghost crab (Gauntlet)
  An ice dragon (D:13)
  10 two-headed ogres
  5 death yaks
  3 centaur warriors
  An orc high priest (Orc:2)
  2 hell hogs (Abyss:4)
  A wretched star (Abyss:4)
  A sixfirhy (Abyss:4)
  4 skeletal warriors (D:13)
  4 sea snakes
  2 unseen horrors
  A flayed ghost (D:10)
  A wizard (D:15)
  An orc knight (Orc:2)
  A deep elf mage (D:7)
  3 orc sorcerers
  A mana viper (D:14)
  2 moths of wrath (Lair:5)
  6 wolf spiders (Spider:1)
  4 cyclopes
  3 manticores
  7 orb spiders (Spider:1)
  13 ugly things
  Maurice (D:8)
  16 elephants
  An ice statue (IceCv)
  A smoke demon (Abyss:4)
  2 centaur zombies
  Joseph (D:8)
  3 black mambas
  3 gargoyles
  10 spiny frogs
  Psyche (D:8)
  10 komodo dragons
  2 yaktaurs
  3 kobold demonologists
  2 torpor snails (Spider:1)
  An efreet (D:15)
  2 demonic crawlers (Spider:1)
  4 ice devils (IceCv)
  A komodo dragon (shapeshifter) (D:12)
  6 rime drakes
  2 freezing wraiths
  A tengu conjurer (D:13)
  4 anaconda simulacra (IceCv)
  A meliai (D:13)
  A merfolk (shapeshifter) (D:15)
  7 trolls
  A wolf spider simulacrum (IceCv)
  A tyrant leech (Gauntlet)
  11 jumping spiders
  3 polar bears
  4 slime creatures (D:12)
  4 hornets
  A hornet (shapeshifter) (Lair:3)
  13 hippogriffs
  6 raiju
  5 blink frogs (Lair:3)
  11 dream sheep
  A blink frog (shapeshifter) (D:13)
  6 tarantellas (Spider:1)
  Sigmund (D:4)
  18 yaks
  2 spriggans
  A vampire (D:12)
  13 redbacks
  7 wraiths
  2 ynoxinuls (Abyss:4)
  5 wyverns
  3 basilisks
  2 fire elementals (D:14)
  A human (D:13)
  A chaos spawn (Abyss:4)
  6 large abominations (Abyss:4)
  A golden eye (Lair:2)
  A death yak simulacrum (IceCv)
  4 hungry ghosts
  2 steam dragons
  A vampire mosquito (D:7)
  Edmund (D:4)
  4 swamp worms (Gauntlet)
  A spatial vortex (Abyss:4)
  2 wargs
  2 harpy simulacra (IceCv)
  4 iron troll simulacra (IceCv)
  2 hell hounds (D:14)
  2 acid dragons
  5 hydra simulacra (IceCv)
  7 porcupines
  12 water moccasins
  A floating eye (shapeshifter) (Lair:4)
  A floating eye (D:13)
  23 orc warriors
  3 sky beasts
  3 ice beasts
  3 black bears
  A necrophage (D:11)
  3 phantoms
  14 ogres
  15 wolves
  2 boggarts (D:14)
  11 centaurs
  21 crocodiles
  4 big kobolds
  2 elf zombies (D:11)
  15 bullfrogs
  4 scorpions
  An elephant simulacrum (IceCv)
  11 killer bees
  6 wights
  3 small abominations (Abyss:4)
  10 howler monkeys
  2 quasits
  10 crimson imps
  2 starcursed masses (Abyss:4)
  3 bullfrog zombies
  5 human zombies (D:11)
  A draconian simulacrum (IceCv)
  6 jellies
  14 orc priests
  5 hounds
  26 orc wizards
  Ijyb (D:4)
  2 centaur skeletons
  An iguana (D:11)
  A troll simulacrum (IceCv)
  7 worker ants
  3 polar bear simulacra (IceCv)
  2 spriggan simulacra (IceCv)
  A centaur simulacrum (IceCv)
  2 hound skeletons
  A worker ant zombie (D:5)
  3 howler monkey skeletons
  16 adders
  5 naga simulacra (IceCv)
  An ogre simulacrum (IceCv)
  A river rat (Sewer)
  6 shadow imps
  8 white imps
  11 ufetubi (IceCv)
  7 oozes
  An adder zombie (D:8)
  2 adder skeletons
  6 leopard geckos
  104 orcs
  3 ball pythons
  6 giant cockroaches
  10 goblins
  7 hobgoblins
  11 jackals
  2 quokkas (D:4)
  12 bats
  4 frilled lizards
  A jackal skeleton (D:6)
  A jackal zombie (D:7)
  14 kobolds
  An orc zombie (D:11)
  A quokka skeleton (D:4)
  2 quokka zombies (D:7)
  10 rats
  2 fungi
885 creatures vanquished.

Vanquished Creatures (collateral kills)
  The ghost of Qeimiotua the Blocker, a journeyman MiFi of Okawaru (Lair:5)
  A shadow wraith (D:13)
  A wizard (D:15)
  2 elephants (Lair:3)
  2 centaur zombies (D:13)
  2 centaur skeletons
  A komodo dragon (D:15)
  2 meliai (D:13)
  A dream sheep (Lair:4)
  A hippogriff (D:13)
  2 spriggans (Lair:5)
  A basilisk (Lair:3)
  2 hungry ghosts
  A black bear (Lair:3)
  A bullfrog (D:15)
  A fungus (Lair:3)
22 creatures vanquished.

Vanquished Creatures (others)
  A merfolk avatar (Lair:6)
  A centaur warrior (D:14)
  A hell hog (Abyss:4)
  A naga mage (D:15)
  A demonic crawler (Spider:1)
  2 yaktaurs (D:15)
  An orc warrior (D:13)
  A boggart (D:14)
  A jelly (D:12)
  A white imp (IceCv)
  2 bushes
  2 demonic plants (Abyss:4)
  6 fungi
  A lurking horror (Abyss:4)
  3 plants (Lair:6)
  17 starspawn tentacles (Abyss:4)
42 creatures vanquished.

Grand Total: 949 creatures vanquished

Notes
Turn   | Place    | Note
-------+----------+-------------------------------------------
     0 | D:1      | FishyPogo the Demonspawn Gladiator began the quest for the
                  | Orb.
     0 | D:1      | Reached XP level 1. HP: 16/16 MP: 1/1
   300 | D:1      | Gained mutation: You regenerate a little health from kills.
                  | [demonic ancestry]
   300 | D:1      | Reached XP level 2. HP: 22/22 MP: 2/2
   571 | D:1      | Gained mutation: You are partially covered in molten
                  | scales. (AC +2) [demonic ancestry]
   571 | D:1      | Reached XP level 3. HP: 28/28 MP: 3/3
   960 | D:2      | Reached skill level 1 in Armour
   960 | D:2      | Reached skill level 1 in Shields
  1397 | D:2      | Gained mutation: You regenerate health from kills. [demonic
                  | ancestry]
  1397 | D:2      | Reached XP level 4. HP: 34/34 MP: 4/4
  1586 | D:3      | Found a shimmering blue altar of Sif Muna.
  1594 | D:3      | Found an ancient bone altar of Kikubaaqudgha.
  1704 | D:3      | HP: 1/35 [orc wizard/magic dart (3)]
  1706 | D:3      | Gained mutation: You are mostly covered in molten scales.
                  | (AC +3) [demonic ancestry]
  1706 | D:3      | Reached XP level 5. HP: 14/41 MP: 5/5
  1707 | D:3      | Reached skill level 2 in Armour
  1855 | D:3      | Found a glowing drain.
  1864 | Sewer    | Entered a sewer
  1978 | Sewer    | Found a glowing silver altar of Zin.
  2058 | D:3      | Found a shimmering altar of Xom.
  2058 | D:3      | Found a burning altar of Makhleb.
  2064 | D:3      | Became a worshipper of Xom the Capricious
  2082 | D:3      | XOM: potion effect (haste)
  2224 | D:3      | XOM: potion effect (agility)
  2249 | D:3      | Found an iron altar of Okawaru.
  2265 | D:3      | Gained mutation: You sometimes gain a little power by
                  | taking damage. [demonic ancestry]
  2265 | D:3      | Reached XP level 6. HP: 48/48 MP: 6/6
  2526 | D:4      | Noticed Edmund
  2530 | D:4      | XOM: noise
  2545 | D:4      | XOM: confuse monster(s)
  2564 | D:4      | XOM: cast spell 'Alistair's Intoxication'
  2574 | D:4      | Got a warped leather armour
  2577 | D:4      | XOM: potion effect (experience)
  2577 | D:4      | Reached skill level 5 in Short Blades
  2577 | D:4      | Reached skill level 5 in Armour
  2577 | D:4      | Reached skill level 5 in Stealth
  2577 | D:4      | Reached skill level 5 in Evocations
  2577 | D:4      | Reached XP level 7. HP: 37/59 MP: 6/10
  2585 | D:4      | XOM: harmless Erth miscast
  2605 | D:4      | XOM: mild Erth miscast
  2613 | D:4      | XOM: harmless Ice miscast
  2614 | D:4      | XOM: harmless Air miscast
  2628 | D:4      | XOM: noise
  2723 | D:4      | Noticed Ijyb
  2741 | D:4      | Killed Ijyb
  2754 | D:4      | Identified the +4 leather armour of Peon {-Cast Dex+4} (You
                  | found it on level 4 of the Dungeon)
  2770 | D:4      | XOM: enchant monster (bad)
  2784 | D:4      | XOM: silly message
  2786 | D:4      | XOM: enchant monster (good)
  2790 | D:4      | Killed Edmund
  2837 | D:4      | XOM: fog
  2873 | D:4      | Found a basalt altar of Yredelemnul.
  3155 | D:4      | Noticed Sigmund
  3162 | D:4      | XOM: fog
  3163 | D:4      | XOM: potion effect (might)
  3164 | D:4      | Killed Sigmund
  3164 | D:4      | Gained mutation: You have sharp toenails. [demonic
                  | ancestry]
  3164 | D:4      | Reached XP level 8. HP: 65/65 MP: 11/11
  3339 | D:5      | XOM: noise
  3339 | D:5      | Entered Level 5 of the Dungeon
  3357 | D:5      | Found a runed translucent gate.
  3357 | D:5      | Found a runed translucent gate.
  3358 | D:5      | Found a runed translucent gate.
  3361 | D:5      | Noticed puimuR's ghost (amateur HOMo)
  3413 | D:5      | XOM: confuse monster(s)
  3424 | D:5      | Found Xaoruta's Assorted Antiques.
  3438 | D:5      | Bought a grey potion for 27 gold pieces
  3438 | D:5      | Bought a scroll labeled XOOJIT VILEY for 31 gold pieces
  3571 | D:5      | Found Zaog's Book Shop.
  3573 | D:5      | Reached skill level 6 in Armour
  3577 | D:5      | XOM: harmless Fire miscast
  3593 | D:5      | Found a staircase to the Ecumenical Temple.
  3623 | D:5      | XOM: harmless Summ miscast
  3631 | D:5      | Found a transporter.
  3658 | D:5      | Found a transporter.
  3838 | D:5      | XOM: noise
  3839 | D:5      | Found Lidgh's Book Shop.
  4264 | D:6      | XOM: potion effect (haste)
  4287 | D:6      | XOM is BORED!
  4287 | D:6      | XOM: harmless Air miscast
  4339 | D:6      | Got an encrusted war axe
  4339 | D:6      | Identified the cursed +2 war axe of Dawn {chop, Str+4} (You
                  | found it on level 6 of the Dungeon)
  4505 | D:7      | Gained mutation: You sometimes gain power by taking damage.
                  | [demonic ancestry]
  4505 | D:7      | Reached XP level 9. HP: 72/72 MP: 13/13
  4521 | D:7      | XOM: smoke on damage
  4548 | D:7      | Noticed a green ugly thing
  4548 | D:7      | Noticed a deep elf mage
  4553 | D:7      | XOM: harmless Tmut miscast
  4554 | D:7      | Noticed an unseen horror
  4557 | D:7      | Reached skill level 7 in Armour
  4557 | D:7      | Gained mutation: You have razor-sharp toenails. [demonic
                  | ancestry]
  4557 | D:7      | Reached XP level 10. HP: 57/83 MP: 13/15
  4570 | D:7      | Killed a green ugly thing
  4570 | D:7      | Reached skill level 8 in Armour
  4575 | D:7      | Killed an unseen horror
  4579 | D:7      | XOM: divination: detect creatures
  4583 | D:7      | XOM: harmless Erth miscast
  4594 | D:7      | Killed a deep elf mage
  4600 | D:7      | Identified the +10 falchion of Guile {pain, rPois rF+++
                  | Int-4 Stlth-}
  4660 | D:7      | Found Seusioho's Weapon Boutique.
  4694 | D:7      | XOM: smoke on damage
  4909 | D:7      | Got an obsidian-encrusted scale mail
  4938 | D:7      | Identified the +1 scale mail of Beogh's Hatred {rCorr} (You
                  | found it on level 7 of the Dungeon)
  5164 | D:7      | Found a hide-covered altar of Uskayaw.
  5212 | D:7      | Found Meigaiq's Jewellery Emporium.
  5225 | D:7      | Found Kesmopt's Armour Boutique.
  5268 | D:7      | XOM: summons friendly crimson imp
  5319 | D:7      | Found Monaypp's Antique Weapon Shoppe.
  5396 | D:8      | Found a white marble altar of Elyvilon.
  5434 | D:8      | Noticed Psyche
  5571 | D:8      | XOM: medium Necr miscast
  5590 | D:8      | Noticed Joseph
  5598 | D:8      | XOM: swap monsters
  5609 | D:8      | Killed Joseph
  5609 | D:8      | Reached skill level 1 in Long Blades
  5609 | D:8      | Reached skill level 5 in Dodging
  5630 | D:8      | XOM: blink monster(s)
  5660 | D:8      | Reached XP level 11. HP: 90/90 MP: 15/17
  5696 | D:8      | Found a staircase to the Lair.
  5815 | D:8      | Found a hide-covered altar of Uskayaw.
  5958 | D:8      | XOM: noise
  6076 | D:8      | Reached skill level 10 in Fighting
  6096 | D:8      | Killed Psyche
  6096 | D:8      | Reached skill level 9 in Armour
  6164 | D:8      | XOM: harmless Ice miscast
  6240 | D:8      | Noticed Maurice
  6253 | D:8      | Killed Maurice
  6539 | D:9      | XOM: summons 4 hostile demons
  6627 | D:9      | XOM: polymorph killer bee -> hound
  7005 | D:9      | XOM: enchant monster (good)
  7006 | D:9      | XOM: summons 3 friendly demons
  7050 | D:9      | XOM: give mutations
  7050 | D:9      | Gained mutation: You are covered in fur. (AC +1) [Xom's
                  | grace]
  7050 | D:9      | Gained mutation: You have a pair of small horns on your
                  | head. [Xom's grace]
  7066 | D:9      | XOM: cloud trail
  7113 | D:10     | Entered Level 10 of the Dungeon
  7143 | D:10     | Found a basalt altar of Yredelemnul.
  7145 | D:10     | XOM: cast spell 'Necromutation'
  7152 | D:10     | Found a sparkling altar of Nemelex Xobeh.
  7152 | D:10     | Noticed a sphinx
  7153 | D:10     | XOM: noise
  7154 | D:10     | Noticed a flayed ghost
  7164 | D:10     | Noticed a two-headed ogre
  7169 | D:10     | Noticed a two-headed ogre
  7171 | D:10     | Killed a two-headed ogre
  7274 | D:10     | Found a sparkling altar of Nemelex Xobeh.
  7324 | D:10     | Found a runed translucent door.
  7324 | D:10     | Noticed nodrog's ghost (journeyman DDNe)
  7335 | D:10     | Killed a two-headed ogre
  7423 | D:10     | Paralysed by a sphinx for 2 turns
  7433 | D:10     | XOM: scenery: create altars
  7435 | D:10     | Killed a sphinx
  7798 | D:10     | Noticed a two-headed ogre
  7806 | D:10     | Killed a two-headed ogre
  7915 | D:10     | XOM: god gift: 6 javelins
  8042 | D:10     | XOM: 1-stop teleportation journey
  8088 | D:10     | Gained mutation: Your magical and physical power is
                  | slightly enhanced at high health. [demonic ancestry]
  8088 | D:10     | Reached XP level 12. HP: 97/99 MP: 18/18
  8109 | D:10     | XOM: 8-stop teleportation journey
  8276 | D:11     | XOM: chaos upgrade
  8277 | D:11     | XOM: give mutations
  8277 | D:11     | Gained mutation: You are robust. (+10% HP) [Xom's grace]
  8277 | D:11     | Gained mutation: You are agile. (Dex +2) [Xom's grace]
  8412 | D:11     | Noticed a two-headed ogre
  8417 | D:11     | Killed a two-headed ogre
  8417 | D:11     | Reached skill level 5 in Long Blades
  8417 | D:11     | Reached skill level 10 in Armour
  8508 | D:11     | Found a staircase to the Orcish Mines.
  8654 | D:11     | XOM: scenery: create altars
  8769 | D:11     | Found an ancient bone altar of Kikubaaqudgha.
  8810 | D:11     | XOM: smoke on damage
  8901 | D:11     | XOM: give mutations
  8901 | D:11     | Gained mutation: You have supernaturally acute eyesight.
                  | (SInv) [Xom's grace]
  8901 | D:11     | Gained mutation: You are resistant to hostile enchantments.
                  | (MR+) [Xom's grace]
  8901 | D:11     | Gained mutation: Your spells are a little harder to cast,
                  | but a little more powerful. [Xom's grace]
  8901 | D:11     | Gained mutation: You possess an exceptional clarity of
                  | mind. [Xom's grace]
  9101 | D:12     | Noticed a two-headed ogre
  9106 | D:12     | Killed a two-headed ogre
  9253 | D:12     | XOM: cast spell 'Summon Butterflies'
  9337 | D:12     | XOM: enchant monster (good)
  9364 | D:12     | Got a transparent ring mail
  9375 | D:12     | Identified the cursed +0 ring mail of the Wilderness {rF+
                  | rC+} (You found it on level 12 of the Dungeon)
  9455 | D:12     | XOM: destruction
  9499 | D:12     | XOM: scenery: 1 doors open, 1 doors close
  9632 | D:12     | Noticed a two-headed ogre
  9637 | D:12     | XOM: divination: magic mapping
  9638 | D:12     | a two-headed ogre changed into a shapeshifter
  9638 | D:12     | XOM: polymorph two-headed ogre -> shapeshifter
  9777 | D:8      | XOM: give mutations
  9777 | D:8      | Gained mutation: Your mind is acute. (Int +2) [Xom's grace]
  9777 | D:8      | Gained mutation: You have a beak for a mouth. [Xom's grace]
  9857 | Lair:1   | Entered Level 1 of the Lair of Beasts
  9861 | Lair:1   | Got an ancient scimitar
  9862 | Lair:1   | Identified the +8 scimitar "Imp's Curse" {drain, MR+} (You
                  | found it on level 1 of the Lair of Beasts)
 10208 | Lair:1   | Noticed a four-headed hydra
 10212 | Lair:1   | XOM: polymorph water moccasin -> rime drake
 10213 | Lair:1   | XOM: harmless Chrm miscast
 10217 | Lair:1   | XOM: harmless Ice miscast
 10225 | Lair:1   | Killed a four-headed hydra
 10613 | D:7      | Bought the ring "Zyuho" {rC+ rCorr} for 442 gold pieces
 10931 | Lair:2   | Found a staircase to the Shoals.
 10940 | Lair:2   | XOM: 2-stop teleportation journey
 10956 | Lair:2   | XOM: polymorph yak -> golden eye
 10958 | Lair:2   | Reached XP level 13. HP: 109/117 MP: 19/19
 10960 | Lair:2   | Reached skill level 1 in Spellcasting
 11016 | Lair:2   | XOM: 1-stop teleportation journey
 11106 | Lair:2   | XOM: scenery: create altars
 11239 | Lair:2   | XOM: god gift: weird glowing staff {god gift}
 11242 | Lair:2   | XOM is BORED!
 11242 | Lair:2   | XOM: medium Necr miscast
 11304 | Lair:2   | XOM: medium Pois miscast
 11354 | Lair:3   | Found a hole to the Spider Nest.
 11363 | Lair:3   | XOM: polymorph redback -> shapeshifter
 11445 | Lair:3   | XOM: confuse monster(s)
 11459 | Lair:3   | XOM: enchant monster (good)
 11462 | Lair:3   | Reached skill level 11 in Armour
 11496 | Lair:3   | XOM: summons friendly shadow imp
 11508 | Lair:3   | Learned a level 2 spell: Shroud of Golubria
 11511 | Lair:3   | Learned a level 2 spell: Song of Slaying
 11561 | Lair:3   | XOM: summons 3 friendly demons
 11598 | Lair:3   | XOM: summons 2 friendly demons
 11701 | Lair:3   | XOM: enchant monster (good)
 11787 | Lair:3   | XOM: harmless Fire miscast
 11792 | Lair:3   | XOM: cast spell 'Alistair's Intoxication'
 11801 | Lair:3   | XOM: summons friendly iron imp
 11803 | Lair:3   | XOM: enchant monster (bad)
 11803 | Lair:3   | Noticed a dire elephant
 11807 | Lair:3   | Reached skill level 12 in Armour
 11813 | Lair:3   | XOM: confuse monster(s)
 11822 | Lair:3   | Killed a dire elephant
 11907 | Lair:3   | XOM: divination: magic mapping
 12317 | Lair:3   | XOM: mild Necr miscast
 12534 | Lair:4   | XOM: scenery: create altars
 12623 | Lair:4   | XOM: mild Tmut miscast
 12656 | Lair:4   | XOM: polymorph water moccasin -> glowing shapeshifter
 12813 | Lair:4   | XOM: scenery: create altars
 12934 | Lair:4   | XOM: summons friendly white imp
 12940 | Lair:4   | Reached skill level 13 in Armour
 12945 | Lair:4   | XOM: summons friendly white imp
 12996 | Lair:5   | Gained mutation: You have claws for feet. [demonic
                  | ancestry]
 12996 | Lair:5   | Reached XP level 14. HP: 118/125 MP: 4/20
 13030 | Lair:5   | Got a heavily jewelled robe
 13101 | Lair:5   | Found a staircase to the Slime Pits.
 13102 | Lair:5   | Found a viscous altar of Jiyva.
 13109 | Lair:5   | Found a transporter.
 13148 | Lair:5   | Noticed Qeimiotua's ghost (journeyman MiFi)
 13149 | Lair:5   | Found a bloodstained altar of Trog.
 13156 | Lair:5   | Identified the cursed +0 trident "Tusmey" {flame, rElec
                  | Dex+5}
 13162 | Lair:5   | Found a transporter.
 13210 | Lair:5   | XOM: severe Erth miscast
 13454 | Lair:5   | XOM: harmless Summ miscast
 13561 | Lair:6   | Entered Level 6 of the Lair of Beasts
 13562 | Lair:6   | Identified a scroll of acquirement
 13563 | Lair:6   | Got a bound tin ring
 13565 | Lair:6   | Identified the ring "Parchicly" {+Fly rPois MR- Int+4} (You
                  | acquired it on level 6 of the Lair of Beasts)
 13595 | Lair:5   | XOM: polymorph spiny frog -> raiju
 13596 | Lair:5   | Reached skill level 1 in Charms
 13596 | Lair:5   | Reached skill level 1 in Translocations
 13710 | Lair:6   | XOM: god gift: 7 rations
 13749 | Lair:6   | XOM: blink monster(s)
 13751 | Lair:6   | XOM: 2-stop teleportation journey
 13761 | Lair:6   | XOM: repel stairs
 13825 | Lair:6   | XOM: 1-stop teleportation journey
 13842 | Lair:6   | XOM: blink monster(s)
 13945 | Lair:6   | XOM: give mutations
 13945 | Lair:6   | Lost mutation: You have supernaturally acute eyesight.
                  | (SInv) [Xom's mischief]
 13945 | Lair:6   | Gained mutation: You expend magic power (3 MP) to
                  | strengthen your wands. [Xom's mischief]
 13945 | Lair:6   | Gained mutation: You are completely covered in molten
                  | scales. (AC +4, rF+) [Xom's mischief]
 14027 | Lair:6   | XOM: enchant monster (good)
 14092 | Lair:6   | XOM: 7-stop teleportation journey
 14113 | Lair:6   | XOM: harmless Summ miscast
 14182 | Lair:6   | XOM: harmless Conj miscast
 14184 | Lair:6   | XOM: scenery: create altars
 14192 | Lair:6   | XOM: divine lightning
 14357 | Lair:6   | XOM: divination: detect items
 14408 | Lair:6   | XOM: 2-stop teleportation journey
 14666 | Lair:5   | XOM: scenery: create altars
 14677 | Lair:5   | XOM: scenery: create altars
 14695 | Lair:5   | Killed Qeimiotua's ghost
 14730 | Lair:5   | XOM: give mutations
 14730 | Lair:5   | Gained mutation: Your spells are harder to cast, but more
                  | powerful. [Xom's grace]
 14730 | Lair:5   | Gained mutation: Your mind is very acute. (Int +4) [Xom's
                  | grace]
 14730 | Lair:5   | Gained mutation: You can translocate small distances at
                  | will. [Xom's grace]
 14730 | Lair:5   | Gained mutation: Your spells are much harder to cast, but
                  | much more powerful. [Xom's grace]
 14980 | Orc:1    | Entered Level 1 of the Orcish Mines
 15038 | Orc:1    | XOM: give mutation
 15038 | Orc:1    | Gained mutation: Your flesh is cold resistant. (rC+) [Xom's
                  | grace]
 15130 | Orc:2    | Entered Level 2 of the Orcish Mines
 15290 | Orc:2    | Noticed an orc warlord
 15294 | Orc:2    | XOM: enchant monster (bad)
 15298 | Orc:2    | XOM: harmless Ice miscast
 15301 | Orc:2    | XOM: polymorph something unseen -> sea snake
 15314 | Orc:2    | Killed an orc warlord
 15348 | Orc:2    | Found Voudosio's Antique Weapon Boutique.
 15350 | Orc:2    | Found Neeryan's Antique Armour Shop.
 15359 | Orc:2    | Found a roughly hewn altar of Beogh.
 15461 | Orc:2    | Found a roughly hewn altar of Beogh.
 15481 | Orc:2    | Found Kiubaeq's Assorted Antiques.
 15519 | Orc:2    | Found a roughly hewn altar of Beogh.
 15635 | Orc:2    | Found a roughly hewn altar of Beogh.
 15636 | Orc:2    | Found Qilin's Distillery.
 15697 | Orc:2    | Found Atailet's Distillery.
 15727 | Orc:2    | Found a staircase to the Elven Halls.
 15758 | Orc:2    | Found a runed translucent door.
 15782 | Orc:2    | Found a roughly hewn altar of Beogh.
 15783 | Orc:2    | Found Pefaoha's Antique Armour Shoppe.
 15784 | Orc:2    | XOM: silly message
 15832 | Orc:2    | Found the +10 large shield of Ignorance {rN+ Int-4}
 15839 | Orc:2    | Found a runed translucent door.
 15906 | Orc:2    | XOM: mild Chrm miscast
 15914 | Orc:2    | HP: 1/126 [ettin/+0 dire flail (33)]
 15919 | Orc:2    | Reached XP level 15. HP: 3/133 MP: 21/21
 15924 | Orc:2    | Reached skill level 5 in Shields
 16204 | Orc:2    | Found a roughly hewn altar of Beogh.
 16220 | Orc:2    | Found a roughly hewn altar of Beogh.
 16462 | Orc:2    | Identified the cursed +1 robe of Zyerramm {rElec rPois}
                  | (You found it on level 5 of the Lair of Beasts)
 16721 | Orc:1    | XOM: harmless Tmut miscast
 16887 | D:13     | Noticed a quicksilver dragon
 16887 | D:13     | a catoblepas changed into a quicksilver dragon
 16887 | D:13     | XOM: polymorph catoblepas -> quicksilver dragon
 16890 | D:13     | XOM: divination: detect creatures
 16894 | D:13     | XOM: medium Necr miscast
 16895 | D:13     | XOM: cleaving
 16896 | D:13     | XOM: confuse monster(s)
 16900 | D:13     | Killed a quicksilver dragon
 16904 | D:13     | XOM: noise
 16962 | D:13     | XOM: harmless Air miscast
 17224 | D:13     | Found a portal to a secret trove of treasure.
 17295 | D:13     | XOM: polymorph vault guard -> ice dragon
 17390 | D:13     | XOM: medium Necr miscast
 17490 | D:13     | XOM: mild Erth miscast
 17549 | D:13     | XOM: chaos upgrade
 17743 | D:13     | XOM: give mutations
 17743 | D:13     | Gained mutation: You have an increased reservoir of magic.
                  | (+10% MP) [Xom's grace]
 17743 | D:13     | Gained mutation: You have a pair of horns on your head.
                  | [Xom's grace]
 17743 | D:13     | Gained mutation: You are somewhat resistant to further
                  | mutation. [Xom's grace]
 17900 | D:13     | Found a gate to the Vaults.
 18048 | D:14     | XOM: summons friendly iron imp
 18152 | D:14     | XOM: harmless Pois miscast
 18157 | D:14     | XOM: enchant monster (good)
 18219 | D:14     | Found a gate leading to a gauntlet.
 18241 | Gauntlet | Entered a Gauntlet
 18241 | Gauntlet | Found a transporter.
 18241 | Gauntlet | Found a transporter.
 18241 | Gauntlet | Found a transporter.
 18245 | Gauntlet | Found a transporter.
 18267 | Gauntlet | Found a transporter.
 18283 | Gauntlet | Found a transporter.
 18310 | Gauntlet | Found a transporter.
 18317 | Gauntlet | Found a transporter.
 18328 | Gauntlet | Found a transporter.
 18330 | Gauntlet | Found a transporter.
 18340 | Gauntlet | Found a transporter.
 18385 | Gauntlet | Found a transporter.
 18621 | Gauntlet | Got a crude hat
 18629 | Gauntlet | Identified the cursed +0 hat of Iciytat {+Fly} (You found
                  | it in a Gauntlet)
 18674 | Gauntlet | XOM: harmless Air miscast
 18675 | Gauntlet | XOM: potion effect (berserk rage)
 18764 | Gauntlet | Identified the cursed +0 chain mail "Avaecupn" {rPois}
 18765 | Gauntlet | XOM: give mutations
 18765 | Gauntlet | Lost mutation: You have a pair of horns on your head.
                  | [Xom's mischief]
 18765 | Gauntlet | Lost mutation: You expend magic power (3 MP) to strengthen
                  | your wands. [Xom's mischief]
 18765 | Gauntlet | Lost mutation: You are resistant to hostile enchantments.
                  | (MR+) [Xom's mischief]
 18991 | D:14     | XOM: medium Chrm miscast
 19023 | D:14     | Reached skill level 10 in Shields
 19025 | D:14     | XOM: cloud trail
 19027 | D:14     | Identified the amulet of Leaves {Reflect rN++ SH+5}
 19030 | D:14     | Noticed Louise
 19034 | D:14     | XOM: 3-stop teleportation journey
 19034 | D:14     | Noticed Azrael
 19045 | D:14     | Killed Azrael
 19250 | D:14     | XOM: polymorph centaur warrior -> mana viper
 19751 | D:14     | XOM: scenery: create altars
 19891 | D:15     | Entered Level 15 of the Dungeon
 19902 | D:15     | XOM: summons 13 friendly demons
 19924 | D:15     | Reached skill level 14 in Armour
 19926 | D:15     | XOM: fake destruction
 19936 | D:15     | Found a staircase to the Depths.
 19953 | D:15     | XOM: summons friendly soul eater
 20138 | D:15     | Reached XP level 16. HP: 143/143 MP: 3/25
 20151 | D:15     | XOM: god gift: scroll of enchant armour
 20284 | D:15     | XOM: fake destruction
 20475 | D:15     | Noticed Josephine
 20506 | D:15     | Killed Josephine
 20533 | D:15     | XOM: give mutations
 20533 | D:15     | Lost mutation: You are somewhat resistant to further
                  | mutation. [Xom's grace]
 20533 | D:15     | Gained mutation: You evolve. [Xom's grace]
 20533 | D:15     | Gained mutation: You are very robust. (+20% HP) [Xom's
                  | grace]
 20533 | D:15     | Lost mutation: You evolve. [Xom's grace]
 20533 | D:15     | Gained mutation: You are somewhat resistant to further
                  | mutation. [Xom's grace]
 20997 | Spider:1 | Entered Level 1 of the Spider Nest
 21010 | Spider:1 | XOM: potion effect (berserk rage)
 21030 | Lair:3   | XOM: god gift: ration
 21113 | Spider:1 | XOM: swap monsters
 21120 | Spider:1 | XOM: chaos cloud
 21248 | Spider:1 | XOM: polymorph wolf spider -> torpor snail
 21291 | Spider:1 | XOM: summons 8 hostile demons
 21320 | Spider:1 | Found a frozen archway.
 21326 | Spider:1 | XOM: noise
 21330 | Spider:1 | XOM: divination: magic mapping
 21362 | Spider:1 | XOM: give mutations
 21362 | Spider:1 | Lost mutation: You possess an exceptional clarity of mind.
                  | [Xom's mischief]
 21362 | Spider:1 | Lost mutation: You can translocate small distances at will.
                  | [Xom's mischief]
 21362 | Spider:1 | Lost mutation: You are very robust. (+20% HP) [Xom's
                  | mischief]
 21363 | IceCv    | Entered an ice cave
 21423 | IceCv    | Cast into level 4 of the Abyss (Xom)
 21475 | Abyss:4  | Noticed a tentacled starspawn
 21512 | Abyss:4  | XOM: divination: magic mapping
 21519 | Abyss:4  | XOM: enchant monster (good)
 21524 | Abyss:4  | XOM: summons 2 friendly demons
 21526 | Abyss:4  | XOM: divination: detect creatures
 21528 | Abyss:4  | Reached skill level 15 in Armour
 21528 | Abyss:4  | XOM: cleaving
 21534 | Abyss:4  | XOM: enchant monster (good)
 21535 | Abyss:4  | Lost mutation: Your spells are much harder to cast, but
                  | much more powerful. [a neqoxec]
 21576 | Abyss:4  | XOM: confuse monster(s)
 21577 | Abyss:4  | XOM: confuse monster(s)
 21597 | Abyss:4  | XOM: confuse monster(s)
 21618 | Abyss:4  | XOM: confuse monster(s)
 21623 | Abyss:4  | Noticed a tentacled starspawn
 21627 | Abyss:4  | Noticed a tentacled starspawn
 21657 | Abyss:4  | Noticed a bone dragon
 21659 | Abyss:4  | XOM: polymorph large abomination -> large abomination
 21696 | Abyss:4  | XOM: harmless Tmut miscast
 21750 | Abyss:4  | XOM: noise
 21774 | Abyss:4  | XOM: noise
 21784 | Abyss:4  | XOM: summons 7 friendly demons
 21843 | Abyss:4  | XOM: potion effect (agility)
 21852 | Abyss:4  | Noticed a hellephant
 21870 | Abyss:4  | XOM: harmless Erth miscast
 21899 | Abyss:4  | Killed a hellephant
 21951 | Abyss:4  | Noticed a tentacled starspawn
 21960 | Abyss:4  | Killed a tentacled starspawn
 21984 | IceCv    | Escaped the Abyss
 22167 | IceCv    | XOM: enchant monster (bad)
 22458 | IceCv    | Noticed an Ice Fiend
 22480 | IceCv    | XOM: smoke on damage
 22481 | IceCv    | XOM: summons 3 friendly demons
 22490 | IceCv    | HP: 6/143 [something (2)]
 22568 | IceCv    | XOM: god gift: glowing scarf {god gift}
 22971 | IceCv    | XOM: divination: magic mapping
 23025 | IceCv    | XOM: cast spell 'Summon Small Mammal'
 23111 | IceCv    | XOM: 1-stop teleportation journey
 23188 | IceCv    | XOM: mild Erth miscast
 23410 | IceCv    | XOM: mild Erth miscast
 23429 | IceCv    | Noticed a Brimstone Fiend
 23429 | IceCv    | an Ice Fiend changed into a Brimstone Fiend
 23429 | IceCv    | XOM: polymorph Ice Fiend -> Brimstone Fiend
 23445 | IceCv    | Slain by a Brimstone Fiend

Levels and vault maps discovered:
D:1:      nzn_arrival_settlement, layout_basic, chequers_decorated_corner
D:2:      layout_loops_cross
D:3:      layout_rooms, grunt_temple_overflow_champion_of_chaos,
          okawaru_trees_2, chequers_temple_overflow_statue_of_worship,
          portal_sewer_entry_d
D:4:      layout_cave_pods, kennysheep_little_box, serial_park_tiny_pond,
          uniq_sigmund, uniq_edmund, uniq_ijyb
D:5:      gammafunk_steamed_eel, layout_basic, temple_fountains,
          ebering_ghost_rock_garden, serial_shops, shop_statue,
          kennysheep_mini_moat, shop, first_ration
D:6:      layout_rooms
D:7:      minmay_the_grid_octo_2x2 [minmay_the_grid_octo_checkered,
          minmay_the_grid_octo_vomiting_pacman, minmay_the_grid_octo_77,
          minmay_the_grid_octo_prize_big_c], layout_gridville,
          eat_drink_and_be_merry_uskayaw, serial_shops, shop, kennysheep_mini,
          nicolae_shop_behind_doors, shop
D:8:      layout_gridville, elyvilon_altar_5, erik_lair_dragon, basic_altar,
          uniq_psyche, uniq_joseph, uniq_maurice
D:9:      dragon1_lemuel, layout_basic
D:10:     layout_stronghold, basic_altar, hellmonk_ghost_happy_afterlife,
          hangedman_little_slice_of_home, kb_lookout_dungeons_type,
          jmf_multi_god_temple
D:11:     layout_irregular_city, orc_0_dummy,
          lemuel_mausoleum_altar_kikubaaqudgha
D:12:     layout_roguey
D:13:     layout_gridville, grunt_vaults_entry_fortified,
          nicolae_trove_entry_crystal, disabler_island
D:14:     layout_layer_cave, gauntlet_entry_generic, serial_park_avenue1,
          uniq_azrael, uniq_louise
D:15:     grunt_enter_depths_magical_seal, layout_stronghold,
          minmay_misc_feat_iff, uniq_josephine
Lair:1:   layout_chaotic_city
Lair:2:   layout_gridlike, minmay_shoals_entry_beasts, infiniplex_staircase_pool
Lair:3:   mu_elephants_graveyard, layout_regular_city,
          nicolae_spider_entry_tight_spaces
Lair:4:   layout_concentric_octagons
Lair:5:   layout_long_grid, slime_altar_1, gammafunk_ghost_wrathful_warriors
Lair:6:   gammafunk_lair_ancient_temple, layout_gridlike, minivault_25
Spider:1: layout_spider_delve, portal_ice_cave_entry_pillars_1, drop_trap
Orc:1:    layout_diamond_mine
Orc:2:    grunt_orc_community_town_hall, layout_caves,
          grunt_orc_community_big_house_1, grunt_orc_community_big_house_1,
          grunt_orc_community_house_1, grunt_orc_community_house_3,
          grunt_orc_community_house_1, grunt_orc_community_house_1,
          grunt_orc_community_house_2, serial_shops, nicolae_shop_behind_doors,
          nicolae_shop_crystal, chequers_guarded_unrand_ignorance
IceCv:    ice_cave_caverns_02

Skill      XL: |  1  2  3  4  5  6  7  8  9 10 11 12 13 14 15 16 |
---------------+-------------------------------------------------+-----
Throwing       | 2 |  2.0
Armour         | 1 2 5 6 7 8 9 10 13 14 15 | 15.4
Shields        | 1 2 4 10 12 | 12.4
Dodging        | 3 4 5 6 7 |  7.0
Fighting       | 3 6 7 9 10 11 12 13 | 13.0
Short Blades   | 3 5 6 |  6.2
Stealth        | 5 |  5.1
Evocations     | 5 7 8 9 |  9.0
Long Blades    | 1 4 6 8 |  8.3
Spellcasting   | 4 |  4.4
Charms         | 3 |  3.4
Translocations | 3 |  3.3

Action                   |  1- 3 |  4- 6 |  7- 9 | 10-12 | 13-15 | 16-18 || total
-------------------------+-------+-------+-------+-------+-------+-------++-------
Melee: Rapier            |   140 |   216 |   137 |       |       |       ||   493
       Kick              |       |       |    23 |   245 |   445 |   243 ||   956
       War axe           |       |       |    26 |   122 |       |       ||   148
       Falchion          |       |       |       |   534 |   685 |   386 ||  1605
       Headbutt          |       |       |       |    89 |   296 |   161 ||   546
       Staff             |       |       |       |    31 |   264 |   134 ||   429
       Peck              |       |       |       |    17 |   263 |   159 ||   439
       Broad axe         |       |       |       |       |     4 |       ||     4
Throw: Stone             |    17 |     5 |       |    29 |       |       ||    51
       Dart              |       |       |    13 |    18 |       |       ||    31
       Boomerang         |       |       |       |       |    41 |     4 ||    45
       Javelin           |       |       |       |       |       |     5 ||     5
 Cast: Shroud of Golubri |       |       |       |       |     3 |     1 ||     4
       Song of Slaying   |       |       |       |       |     3 |       ||     3
 Abil: Evoke Flight      |       |       |       |       |       |     1 ||     1
Evoke: Staff of Olgreb   |       |       |       |    23 |   151 |    33 ||   207
       Wand              |       |       |       |       |    13 |       ||    13
  Use: Scroll            |       |     5 |     2 |     8 |    13 |     6 ||    34
       Potion            |       |     2 |     1 |     8 |     1 |    10 ||    22
 Stab: Sleeping          |     1 |       |    13 |       |     6 |       ||    20
       Petrified         |       |       |     2 |       |     5 |       ||     7
       Petrifying        |       |       |     1 |     1 |       |       ||     2
       Confused          |       |       |     1 |     4 |     5 |     2 ||    12
       Betrayed ally     |       |       |       |       |     1 |       ||     1
       Distracted        |       |       |       |       |     1 |     1 ||     2
  Eat: Chunk             |     2 |     4 |     6 |    23 |    41 |     5 ||    81
       Ration            |       |       |       |       |       |     2 ||     2
Armor: Leather armour    |    67 |    85 |    53 |    20 |       |       ||   225
       Scale mail        |       |       |       |   199 |       |       ||   199
       Skin              |       |       |       |    56 |       |       ||    56
       Ring mail         |       |       |       |    47 |   298 |    58 ||   403
       Plate armour      |       |       |       |       |    64 |   283 ||   347
Dodge: Dodged            |   117 |   113 |    89 |   334 |   467 |   222 ||  1342
Block: Buckler           |    21 |    45 |    44 |   269 |   269 |       ||   648
       Reflection        |       |       |       |     9 |    47 |    30 ||    86
       Large shield      |       |       |       |       |   553 |   920 ||  1473
       Rpst.: Falchion   |       |       |       |    50 |    74 |    10 ||   134
